Map: Dragon Scales LE

Players

DominaShaun - Winner!

  • Race: Terran Terran
  • League: Platinum
  • Spawn Location: 11:00

MattBarry

  • Race: Zerg Zerg
  • League: Gold
  • Spawn Location: 5:00

VOD

Have the link to the VOD?

Description

Time

  • Played on: Feb. 11, 2023, 2:13 p.m.
  • Length: 21:22
Show
View Real Time Build Order
Export as new Build Order

DominaShaun Terran - Winner!

Build Orders:  

Get SALT Encoding   

  12  0:00  SCV  
  13  0:12  SCV  
  14  0:23  Supply Depot  
  14  0:24  SCV  
  15  0:46  Barracks  
  15  0:47  SCV  
  15  0:49  Refinery  
  16  0:59  SCV  
  17  1:12  SCV  
  18  1:21  Refinery  
  18  1:24  SCV  
  19  1:34  Supply Depot  
  19  1:41  SCV  
  20  1:48  Factory  
  20  1:53  SCV  
  21  2:03  Command Center  
  21  2:06  SCV  
  22  2:19  SCV  
  23  2:31  SCV  
  23  2:33  Starport  
  23  2:35  Factory Reactor  
  24  2:44  Orbital Command  
  24  3:20  Hellion  
  24  3:21  Viking  
  24  3:22  Viking  
  24  3:27  Barracks  
  30  3:30  Engineering Bay  
  30  3:36  SCV  
  31  3:43  Refinery  
  31  3:47  Marine  
  31  3:48  SCV  
  33  3:49  SCV  
  34  4:00  Planetary Fortress  
  34  4:03  SCV  
  35  4:12  Barracks  
  35  4:15  SCV  
  36  4:22  Medivac  
  36  4:23  Medivac  
  40  4:26  Barracks Tech Lab  
  40  4:28  SCV  
  40  4:38  SCV  
  40  4:43  Missile Turret  
  41  4:50  SCV  
  42  4:53  Missile Turret, Terran Infantry Weapons Level 1  
  42  4:54  Stimpack  
  42  4:56  Marauder  
  42  4:58  Barracks Reactor  
  44  5:04  Missile Turret  
  44  5:20  Command Center  
  44  5:29  Marauder  
  44  5:31  Missile Turret  
  46  5:37  Marine x2  
  46  5:39  SCV  
  46  5:41  Barracks Reactor  
  49  5:44  Viking  
  51  5:50  SCV  
  52  6:03  SCV  
  53  6:42  Medivac x2  
  53  6:43  Marine x2, Fusion Core  
  53  6:45  Marine x2, Marauder  
  53  6:46  Combat Shield  
  63  6:51  SCV  
  64  6:55  Refinery  
  64  6:58  Planetary Fortress  
  64  7:01  Marine  
  65  7:03  Marine  
  65  7:04  SCV  
  65  7:06  Marauder  
  69  7:11  Supply Depot  
  69  7:14  Supply Depot  
  69  7:25  Command Center  
  69  7:29  Terran Infantry Armor Level 1  
  69  7:33  Marine  
  69  7:34  Armory  
  69  7:37  Factory Tech Lab  
  70  7:41  Weapon Refit  
  70  7:42  SCV  
  71  7:47  Refinery  
  71  7:50  Refinery  
  71  7:51  Missile Turret  
  71  7:54  Marine x2  
  73  8:03  Marine  
  73  8:04  Marine, Marauder  
  73  8:05  Concussive Shells  
  77  8:11  SCV  
  77  8:12  Marine  
  79  8:24  SCV  
  79  8:26  Terran Vehicle And Ship Armor Level 1  
  80  8:30  Supply Depot  
  80  8:32  Supply Depot  
  80  8:34  Supply Depot  
  80  8:36  SCV  
  80  8:37  Supply Depot, Orbital Command  
  81  8:48  SCV  
  55  9:31  SCV  
  55  9:36  Battlecruiser  
  62  9:41  Marine x3, Marauder  
  62  9:42  Starport, Marine, SCV  
  65  9:54  SCV  
  66  10:03  Marauder  
  66  10:04  Command Center  
  66  10:06  SCV  
  69  10:13  Bunker  
  68  10:16  Bunker, Command Center  
  68  10:17  Supply Depot  
  68  10:20  Widow Mine x2, Terran Ship Weapons Level 1  
  68  10:21  Liberator  
  75  10:22  Marine x2  
  75  10:23  Marine x2  
  75  10:24  Marauder  
  75  10:26  SCV  
  82  10:31  SCV  
  82  10:33  SCV  
  84  10:38  SCV  
  84  10:40  Marine x2  
  84  10:41  Marine x2  
  89  10:43  SCV  
  89  10:45  SCV  
  91  11:28  Starport Tech Lab, Battlecruiser  
  91  11:31  Widow Mine x2  
  95  11:34  Planetary Fortress  
  95  11:40  Armory, SCV  
  96  12:00  SCV  
  97  12:03  Supply Depot  
  97  12:05  Marine x2  
  99  12:12  SCV  
  99  12:13  Battlecruiser  
  99  12:14  SCV  
  107  12:19  Terran Vehicle And Ship Armor Level 2  
  107  12:20  Terran Infantry Weapons Level 2  
  107  12:23  Marine x2  
  107  12:26  SCV  
  107  12:27  Terran Ship Weapons Level 2  
  107  12:29  SCV  
  111  12:30  Missile Turret  
  111  12:32  Battlecruiser  
  111  12:34  Refinery  
  117  12:38  SCV x2  
  117  12:41  SCV  
  117  12:44  Sensor Tower  
  120  12:48  Marine x2  
  120  12:49  Marine  
  120  12:50  Marauder  
  125  12:53  SCV  
  126  13:06  Marine x2, SCV  
  126  13:10  Missile Turret, Command Center  
  129  13:13  Missile Turret  
  135  13:20  Battlecruiser  
  135  13:24  Marine x2  
  135  13:26  Marine x2, Marauder  
  141  13:33  Missile Turret  
  141  13:37  Bunker  
  141  13:47  Battlecruiser  
  147  13:49  SCV  
  147  13:53  Bunker  
  148  14:01  SCV  
  149  14:08  Missile Turret  
  149  14:09  Command Center  
  149  14:10  Refinery  
  149  14:13  Missile Turret  
  149  14:15  SCV  
  150  14:20  Supply Depot  
  150  14:23  Refinery  
  156  14:24  Battlecruiser  
  156  14:29  SCV  
  157  14:34  Missile Turret  
  157  14:36  Terran Infantry Armor Level 2  
  157  14:38  SCV  
  158  14:48  Command Center  
  158  14:50  SCV  
  158  14:51  Battlecruiser  
  165  15:02  SCV  
  166  15:14  SCV  
  165  15:23  Command Center  
  165  15:26  SCV  
  165  15:31  Raven  
  161  16:05  Raven  
  146  16:31  Planetary Fortress  
  143  16:59  Planetary Fortress  
  142  17:02  Missile Turret  
  127  17:31  Battlecruiser  
  122  18:26  Terran Vehicle And Ship Armor Level 3  
  122  18:27  Terran Ship Weapons Level 3, Battlecruiser  
  122  18:28  Marine x4  
  122  18:29  Marine  
  133  18:35  Battlecruiser  
  139  18:47  Marauder  
  141  19:08  Marauder  
  143  19:25  Refinery  
  143  19:32  Battlecruiser  
  149  19:39  Battlecruiser  
  149  19:43  Command Center  
  155  19:47  Planetary Fortress  
Show
View Real Time Build Order
Export as new Build Order

MattBarry Zerg 

Build Orders: Pool First, Lurkers, Roach Hydra 

Get SALT Encoding   

  12  0:00  Drone  
  13  0:12  Drone  
  14  0:17  Overlord  
  14  0:25  Extractor  
  14  0:26  Drone  
  15  0:36  Drone x2  
  17  0:52  Extractor  
  16  0:58  Spawning Pool  
  15  1:08  Hatchery  
  15  1:11  Drone  
  15  1:14  Drone  
  16  1:22  Drone  
  16  1:23  Drone  
  18  1:47  Queen  
  18  1:50  Drone  
  18  1:54  Zergling x2  
  22  1:57  Overlord  
  22  1:59  Metabolic Boost  
  22  2:18  Drone  
  23  2:38  Drone  
  23  2:39  Drone x4  
  28  2:52  Queen  
  30  3:10  Spine Crawler  
  29  3:15  Evolution Chamber  
  28  3:31  Evolution Chamber  
  27  3:35  Spine Crawler  
  26  3:41  Roach Warren  
  26  3:43  Drone x3  
  26  3:44  Queen  
  26  3:46  Lair  
  30  3:54  Drone x4  
  30  3:55  Drone  
  35  4:05  Drone, Extractor  
  35  4:06  Extractor, Drone  
  35  4:08  Extractor  
  34  4:13  Zergling x2  
  35  4:33  Zergling x2  
  35  4:34  Overlord x2  
  35  4:44  Baneling Nest  
  34  4:48  Spore Crawler x2  
  34  4:51  Spore Crawler  
  31  4:53  Spore Crawler  
  31  4:56  Drone x9  
  39  5:07  Overlord  
  39  5:18  Hydralisk Den  
  38  5:23  Roach x3  
  44  5:33  Overseer  
  44  5:52  Overlord  
  44  5:53  Overlord  
  44  5:57  Drone x8  
  52  6:42  Glial Reconstitution  
  52  6:49  Grooved Spines  
  52  6:58  Overlord  
  52  6:59  Overlord x5  
  52  7:13  Zerg Missile Weapons Level 1  
  52  7:16  Hatchery  
  52  7:18  Zerg Ground Armor Level 1, Hydralisk x6  
  64  7:22  Drone  
  64  7:23  Drone  
  65  7:33  Queen  
  65  7:35  Queen  
  69  7:38  Overseer  
  69  7:53  Hydralisk x3  
  69  7:57  Overlord  
  75  8:00  Muscular Augments  
  75  8:40  Hydralisk x8  
  91  8:49  Infestation Pit, Overlord  
  91  8:50  Overlord  
  90  9:01  Spore Crawler  
  89  9:04  Spore Crawler  
  71  9:28  Roach  
  71  9:29  Roach x8  
  87  9:35  Zergling x6  
  90  9:40  Overlord  
  90  9:51  Hive  
  90  10:15  Drone x8  
  90  10:18  Overlord  
  98  10:36  Drone  
  98  10:37  Drone x6  
  105  10:43  Zerg Missile Weapons Level 2  
  101  10:58  Overlord x3  
  100  11:27  Hydralisk x2  
  100  11:28  Hydralisk x4  
  112  11:33  Lurker Den  
  112  11:35  Drone  
  112  12:13  Extractor  
  112  12:14  Extractor  
  112  12:15  Spore Crawler  
  109  12:16  Spore Crawler  
  108  12:30  Hydralisk x5  
  108  12:31  Hydralisk  
  108  12:33  Overlord x5  
  118  12:41  Seismic Spines  
  118  13:19  Zerg Ground Armor Level 2  
  118  13:23  Zerg Missile Weapons Level 3  
  118  13:24  Hydralisk x3  
  124  13:38  Adaptive Talons  
  124  13:45  Lurker  
  124  13:47  Hatchery  
  124  14:15  Lurker x4  
  128  14:20  Lurker  
  129  14:34  Zergling x26  
  129  14:35  Zergling x22  
  153  14:50  Drone x8  
  161  15:36  Zerg Melee Weapons Level 1  
  161  15:56  Hydralisk  
  161  15:57  Hydralisk x2  
  136  16:17  Hydralisk x6, Roach x5  
  136  16:18  Roach x8  
  159  16:24  Hydralisk x7  
  106  17:16  Spire  
  67  17:34  Hatchery  
  45  18:30  Overlord x3  
  45  18:31  Overlord x3  
  37  18:40  Overlord x2  
  37  18:41  Overlord  
  37  18:48  Queen  
  39  18:58  Queen  
  39  18:59  Overlord  
  39  19:00  Corruptor x2  
  39  19:02  Corruptor  
  46  19:17  Corruptor x2  
  50  19:29  Corruptor x3  
  56  19:53  Overlord  
  56  19:57  Overlord x3  
  24  20:46  Corruptor x2  
Tags
 
Matchup
TvZ
Opening
Pool First
Replay Pack
Multiplayer
Spawn Locations
Cross Positions
Add a new tag
Caveats
  • Supply blocks, unpowered buildings, or Contaminate may cause inaccurate times.
  • Supply counts are checked every 10 seconds.